 Dungeon Crawl Stone Soup version 0.30.1-11-g7821555f0a (console) character file.

Game seed: 10472438850447447926

1100 JoeltCo the Stinger (level 8, -2/58 HPs)
             Began as a Gnoll Venom Mage on Jan 10, 2024.
             Was an Initiate of Yredelemnul.
             Shot with an arrow by a centaur (9 damage)
             ... on level 6 of the Dungeon.
             The game lasted 00:09:07 (5005 turns).

JoeltCo the Stinger (Gnoll Venom Mage)              Turns: 5005, Time: 00:09:08

Health: -2/58      AC:  3    Str:  7    XL:     8   Next: 32%
Magic:  8/17       EV: 19    Int: 16    God:    Yredelemnul [......]
Gold:   222        SH:  0    Dex: 14    Spells: 11/19 levels left

rFire   . . .        g - +1 short sword (elec)
rCold   . . .        (no shield)
rNeg    . . .        a - +1 robe
rPois   .            (no helmet)
rElec   .            (no cloak)
rCorr   .            (no gloves)
SInv    .            (no boots)
Will    .....        l - amulet of regeneration
Stlth   +++          h - +5 ring of evasion
HPRegen 1.09/turn    (no ring)
MPRegen 0.15/turn

%: no passive effects
@: radiating poison, slowed, very slow
A: fangs 1, strong nose, distributed training
a: Renounce Religion, Recall Undead Harvest


You were on level 6 of the Dungeon.
You worshipped Yredelemnul.
Yredelemnul was noncommittal.
You visited 2 branches of the dungeon, and saw 7 of its levels.

You collected 222 gold pieces.

Inventory:

Hand Weapons
 g - a +1 short sword of electrocution (weapon)
Armour
 a - a +1 robe (worn)
Jewellery
 h - a +5 ring of evasion (left hand)
 l - an amulet of regeneration (around neck)
Wands
 e - a wand of acid (18)
 p - a wand of paralysis (9)
Scrolls
 m - 2 scrolls of silence
 n - a scroll of teleportation
Potions
 b - a potion of magic
 c - 3 potions of cancellation
 d - 2 potions of might
 f - 3 potions of invisibility
 i - 6 potions of curing
 j - a potion of mutation
 k - a potion of lignification
 o - a potion of attraction {unknown}
 q - a potion of heal wounds {unknown}


   Skills:
 + Level 3.3 Fighting
 + Level 3.3 Short Blades
 + Level 3.3 Long Blades
 + Level 3.3 Axes
 + Level 3.3 Maces & Flails
 + Level 3.3 Polearms
 + Level 3.3 Staves
 + Level 3.3 Ranged Weapons
 + Level 3.3 Throwing
 + Level 3.3 Armour
 + Level 5.7 Dodging
 + Level 5.4 Stealth
 + Level 3.3 Shields
 + Level 3.3 Unarmed Combat
 + Level 6.0 Spellcasting
 + Level 2.6 Conjurations
 + Level 2.6 Hexes
 + Level 2.6 Summonings
 + Level 2.6 Necromancy
 + Level 2.6 Translocations
 + Level 3.5 Transmutations
 + Level 2.6 Fire Magic
 + Level 2.6 Ice Magic
 + Level 2.6 Air Magic
 + Level 2.6 Earth Magic
 + Level 6.1 Poison Magic
 + Level 3.6 Invocations
 + Level 3.3 Evocations


You had 11 spell levels left.
You knew the following spells:

 Your Spells              Type           Power      Damage    Failure   Level
a - Sting                 Tmut/Pois      80%        1d7       1%          1
c - Mephitic Cloud        Conj/Pois/Air  17%        N/A       9%          3
d - Olgreb's Toxic Radia  Pois           24%        N/A       11%         4

Your spell library contained the following spells:

 Spells                   Type           Power      Damage    Failure   Level
 Poisonous Vapours        Pois/Air       38%        N/A       3%          2
 Call Canine Familiar     Summ           13%        N/A       14%         3
 Portal Projectile        Hex/Tloc       26%        N/A       14%         3
 Leda's Liquefaction      Hex/Erth       6%         N/A       41%         4
 Discord                  Hex            6%         N/A       100%        8
 Ignition                 Fire           6%         3d4       100%        8


Dungeon Overview and Level Annotations

Branches:
Dungeon (6/15)             Temple (1/1) D:5

Altars:
Ashenzari
Cheibriados
Dithmenos
Elyvilon
Fedhas
Gozag
Hepliaklqana
Kikubaaqudgha
Makhleb
Nemelex Xobeh
Okawaru
Qazlal
Ru
Sif Muna
Trog
Uskayaw
Vehumet
Wu Jian
Xom
Yredelemnul
Zin
The Shining One

Shops:
D:2 !


Innate Abilities, Weirdness & Mutations

You have very sharp teeth.
Your uncanny sense of smell can sniff out nearby items.
Your experience applies equally to all skills.


Message History

The curare-tipped dart closely misses you.
The kobold brigand looks even sicker.
Your toxic aura wanes.
You feel sick.
The kobold brigand throws a curare-tipped dart.
The curare-tipped dart closely misses you.
You feel sick. The phantom attacks as you move away! The phantom misses you.
You feel sick. The phantom attacks as you move away!
The phantom completely misses you.
You feel sick.
You are no longer poisoned.
The phantom closely misses you.
A centaur comes into view.
The phantom misses you.
The centaur shouts!
You hit the phantom. Your bite misses the phantom.
The phantom is moderately damaged.
The centaur wields a +0 shortbow.
The centaur shoots an arrow.
The arrow hits you. The phantom hits you.
You barely miss the phantom.
The phantom is moderately damaged.
The centaur shoots an arrow.
The arrow hits you! The phantom closely misses you.
A kobold comes into view. It is wielding a +0 whip.
Casting: Olgreb's Toxic Radiance (dangerous; 11% risk of failure)
Confirm with . or Enter, or press ? or * to list all spells.
You begin to radiate toxic energy.
The centaur is poisoned.
The kobold is poisoned.
The centaur looks even sicker.
The kobold brigand looks even sicker.
The kobold looks even sicker.
You kill the kobold!
The centaur shoots an arrow.
The arrow hits you! The phantom closely misses you.
The kobold brigand misses you.
The centaur shoots an arrow.
The arrow hits you!
* * * LOW HITPOINT WARNING * * *
The phantom misses you.
The kobold brigand hits you with a +0 dagger.
* * * LOW HITPOINT WARNING * * *
The centaur shoots an arrow.
The arrow hits you!
You die...
Your body rises from the dead as a mindless zombie.

#.##...# ..####.##### #
...........# .#
.......###.# ..##
.........#.###....
######.#)#....#### ..
#.#)'.......# ...
######.###.....#.####...
.........)..............
.....P..................
......P....c....@.......
...............KW..>....
.....P..................
........................
.....................(..
....................!...
...............8..8.....
..............).........
.... ...................
.... .............$.....
.... ...................


You could see a kobold brigand (very poisoned), a phantom and a centaur (very
poisoned).

Vanquished Creatures
  An ice beast (D:5)
  A phantom (D:6)
  A bullfrog (D:6)
  3 wights (D:6)
  2 scorpions
  A jelly (D:5)
  4 bullfrog zombies (D:6)
  A hound (D:5)
  3 orc priests
  An orc wizard (D:5)
  3 iguanas
  A sleepcap (D:4)
  Robin (D:4)
  7 adders
  2 ufetubi (D:5)
  2 worms
  3 dart slugs
  19 orcs
  6 endoplasms
  2 giant cockroaches
  9 goblins
  9 hobgoblins
  4 jackals (D:1)
  12 kobolds
  A quokka (D:4)
  6 ball pythons
  5 bats
  3 rats
113 creatures vanquished.

Vanquished Creatures (others)
  A kobold zombie (D:6)
  2 orc zombies (D:6)
3 creatures vanquished.

Grand Total: 116 creatures vanquished

Notes
Turn   | Place    | Note
-------+----------+-------------------------------------------
     0 | D:1      | JoeltCo the Gnoll Venom Mage began the quest for the Orb.
     0 | D:1      | Reached XP level 1. HP: 13/13 MP: 6/6
   287 | D:1      | Reached XP level 2. HP: 7/19 MP: 3/7
   894 | D:1      | Learned a level 2 spell: Poisonous Vapours
  1046 | D:2      | Reached skill level 5 in Spellcasting
  1046 | D:2      | Reached XP level 3. HP: 25/25 MP: 6/9
  1048 | D:2      | Found Dounuose's Distillery.
  1180 | D:2      | Reached skill level 1 in Invocations
  1388 | D:2      | Found a bloodstained altar of Trog.
  1578 | D:2      | Learned a level 3 spell: Mephitic Cloud
  1687 | D:3      | Reached skill level 1 in Fighting
  1687 | D:3      | Reached skill level 1 in Short Blades
  1687 | D:3      | Reached skill level 1 in Long Blades
  1687 | D:3      | Reached skill level 1 in Axes
  1687 | D:3      | Reached skill level 1 in Maces & Flails
  1687 | D:3      | Reached skill level 1 in Polearms
  1687 | D:3      | Reached skill level 1 in Staves
  1687 | D:3      | Reached skill level 1 in Ranged Weapons
  1687 | D:3      | Reached skill level 1 in Throwing
  1687 | D:3      | Reached skill level 1 in Armour
  1687 | D:3      | Reached skill level 1 in Shields
  1687 | D:3      | Reached skill level 1 in Unarmed Combat
  1687 | D:3      | Reached skill level 1 in Evocations
  1879 | D:3      | Found an opulent altar of Gozag.
  2073 | D:3      | Reached XP level 4. HP: 25/32 MP: 3/11
  2271 | D:2      | Learned a level 4 spell: Olgreb's Toxic Radiance
  2296 | D:3      | Reached skill level 1 in Conjurations
  2296 | D:3      | Reached skill level 1 in Hexes
  2296 | D:3      | Reached skill level 1 in Summonings
  2296 | D:3      | Reached skill level 1 in Necromancy
  2296 | D:3      | Reached skill level 1 in Translocations
  2296 | D:3      | Reached skill level 1 in Fire Magic
  2296 | D:3      | Reached skill level 1 in Ice Magic
  2296 | D:3      | Reached skill level 1 in Air Magic
  2296 | D:3      | Reached skill level 1 in Earth Magic
  2799 | D:4      | Reached XP level 5. HP: 37/37 MP: 9/12
  2857 | D:4      | Noticed Robin
  2868 | D:4      | Killed Robin
  3310 | D:4      | Reached XP level 6. HP: 26/44 MP: 11/14
  3318 | D:4      | Reached skill level 5 in Dodging
  3801 | D:5      | Entered Level 5 of the Dungeon
  3880 | D:5      | Found a staircase to the Ecumenical Temple.
  3895 | Temple   | Entered the Ecumenical Temple
  4088 | Temple   | Became a worshipper of Yredelemnul the Dark
  4105 | D:5      | Reached XP level 7. HP: 37/51 MP: 3/15
  4248 | D:5      | Reached * piety under Yredelemnul
  4440 | D:5      | Reached ** piety under Yredelemnul
  4468 | D:5      | Found an ornate altar of the Wu Jian Council.
  4474 | D:5      | Found a radiant altar of Vehumet.
  4479 | D:5      | Found a sparkling altar of Nemelex Xobeh.
  4563 | D:5      | Found an iron altar of Okawaru.
  4573 | D:5      | Reached skill level 5 in Stealth
  4616 | D:5      | Found a hazy altar of Hepliaklqana.
  4855 | D:6      | Reached XP level 8. HP: 55/58 MP: 11/16
  5005 | D:6      | Shot with an arrow by a centaur

Illustrated notes

Levels and vault maps discovered:
D:1:      dpeg_arrival_simpleton_a, layout_basic
D:2:      layout_rooms, basic_altar, serial_shops, nicolae_shop_waterfront
D:3:      layout_loops_cross, marbit_many_paths, chequers_serial_rivers_micro_b
D:4:      layout_loops_corners, uniq_robin
D:5:      layout_cave_pools, mainiacjoe_overflow_brackets, okawaru_trees_2,
          minitemple, minmay_temple_entry_mini_moons
D:6:      layout_basic, ebering_ghost_inner_flame, serial_undead,
          serial_undead_b, serial_undead_f, serial_undead_a, serial_undead_c,
          nicolae_grassy_gnolls
Temple:   nicolae_temple_bog_church

Skill      XL: |  1  2  3  4  5  6  7  8 |
---------------+-------------------------+-----
Transmutations | 2 3 |  3.5
Spellcasting   | 5 6 |  6.0
Invocations    | 1 2 3 |  3.6
Fighting       | 1 2 3 |  3.3
Short Blades   | 1 2 3 |  3.3
Long Blades    | 1 2 3 |  3.3
Axes           | 1 2 3 |  3.3
Maces & Flails | 1 2 3 |  3.3
Polearms       | 1 2 3 |  3.3
Staves         | 1 2 3 |  3.3
Ranged Weapons | 1 2 3 |  3.3
Throwing       | 1 2 3 |  3.3
Armour         | 1 2 3 |  3.3
Shields        | 1 2 3 |  3.3
Unarmed Combat | 1 2 3 |  3.3
Evocations     | 1 2 3 |  3.3
Conjurations   | 1 2 |  2.6
Hexes          | 1 2 |  2.6
Summonings     | 1 2 |  2.6
Necromancy     | 1 2 |  2.6
Translocations | 1 2 |  2.6
Fire Magic     | 1 2 |  2.6
Ice Magic      | 1 2 |  2.6
Air Magic      | 1 2 |  2.6
Earth Magic    | 1 2 |  2.6
Dodging        | 5 |  5.7
Stealth        | 5 |  5.4
Poison Magic   | 6 |  6.1

Action                     |  1- 3 |  4- 6 |  7- 9 || total
---------------------------+-------+-------+-------++-------
  Melee: Short sword       |    29 |    44 |   112 ||   185
         Bite              |     3 |     6 |    16 ||    25
         Punch             |     3 |       |     4 ||     7
   Cast: Sting             |    59 |    36 |     5 ||   100
         Mephitic Cloud    |       |     2 |       ||     2
         Olgreb's Toxic Ra |       |     7 |     8 ||    15
    Use: Scroll            |    15 |     2 |     1 ||    18
   Stab: Sleeping          |     1 |     3 |     2 ||     6
 Armour: Robe              |    10 |     7 |    11 ||    28
  Dodge: Dodged            |    42 |    43 |   111 ||   196
